 Dungeon Crawl Stone Soup version 0.19.0-23-gf02e663 (webtiles) character file.

1411 shinino the Cleaver (level 9, -2/64 HPs)
             Began as a Formicid Fighter on Nov 19, 2016.
             Was a Follower of Okawaru.
             Slain by an orc warrior
             ... wielding a +0 glaive
              (18 damage)
             ... on level 6 of the Dungeon.
             The game lasted 00:15:32 (5047 turns).

shinino the Cleaver (Formicid Fighter)              Turns: 5047, Time: 00:15:32

Health: -2/64      AC: 10    Str: 27 (28) XL:     9   Next: 1%
Magic:  9/9        EV:  8    Int: 10      God:    Okawaru [*.....]
Gold:   427        SH: 13    Dex:  8 (13) Spells: 0 memorised, 8 levels left

rFire  + . .     SeeInvis +     a - +0 war axe
rCold  . . .     Gourm    .     b - +0 scale mail
rNeg   . . .     Faith    .     c - +0 shield
rPois  .         Spirit   .     (helmet unavailable)
rElec  .         Reflect  .     B - +0 cloak of Bedevilment {rF+ Regen+ Str+3 Int+2 Slay-2}
rCorr  .         Harm     .     q - +1 pair of gloves
MR     .....                    (no boots)
Stlth  ..........               (no amulet)
                                (no ring)
                                (no ring)

@: no status effects
A: permanent stasis, dig shafts and tunnels, four strong arms, antennae 3, large
bone plates 1, deterioration 1, strong 2, subdued magic 1, MP-powered wands
a: Dig, Shaft Self, Heroism, Renounce Religion


You were on level 6 of the Dungeon.
You worshipped Okawaru.
Okawaru was aware of your devotion.
You were not hungry.

You visited 2 branches of the dungeon, and saw 7 of its levels.
You visited the Abyss 1 time.

You collected 427 gold pieces.

Inventory:

Hand Weapons
 a - a +0 war axe (weapon)
Armour
 b - a +0 scale mail (worn)
 c - a +0 shield (worn)
 q - a +1 pair of gloves (worn)
 B - the +0 cloak of Bedevilment (worn) {rF+ Regen+ Str+3 Int+2 Slay-2}
   (You found it on level 4 of the Dungeon)

   It affects your strength (+3).
   It affects your intelligence (+2).
   It affects your accuracy and damage with ranged weapons and melee attacks
   (-2).
   It protects you from fire.
   It increases your rate of regeneration.
Jewellery
 k - an uncursed amulet of magic regeneration {unknown}
 o - an uncursed ring of magical power {unknown}
 y - an uncursed ring of ice {unknown}
Wands
 s - a wand of slowing (25/48)
Scrolls
 e - 4 scrolls of remove curse {unknown}
 i - 5 scrolls of magic mapping {unknown}
 j - 4 scrolls of identify {unknown}
 n - a scroll of recharging {unknown}
 p - a scroll of enchant armour {unknown}
 r - a scroll of fog {unknown}
 t - 3 scrolls of teleportation {unknown}
 u - a scroll of random uselessness {unknown}
 v - a scroll of fear {unknown}
 w - a scroll of immolation {unknown}
Potions
 d - 2 potions of curing
 l - 2 potions of flight
 m - a potion of mutation {unknown}
Comestibles
 f - 6 bread rations
 g - 4 chunks of flesh
 h - 5 meat rations
 z - 14 fruits
 C - a slice of pizza


   Skills:
 - Level 3.2 Fighting
 + Level 10.5 Axes
 - Level 3.2 Armour
 - Level 3.6 Shields


You had 8 spell levels left.
You didn't know any spells.

Dungeon Overview and Level Annotations

Branches:
Dungeon (6/15)             Temple (1/1) D:5

Altars:
Ashenzari
Cheibriados
Dithmenos
Elyvilon
Fedhas
Gozag
Hepliaklqana
Kikubaaqudgha
Makhleb
Nemelex Xobeh
Okawaru
Qazlal
Ru
Sif Muna
Trog
Uskayaw
Yredelemnul
Zin
The Shining One


Innate Abilities, Weirdness & Mutations

You are under a permanent stasis effect.
You can dig through walls and to a lower floor.
Your four strong arms can wield two-handed weapons with a shield.
You have a pair of large antennae on your head. (SInv)
You are partially covered in large bone plates. (SH +4)
Your body sometimes deteriorates upon taking damage.
Your muscles are very strong. (Str +4)
Your spells are a little easier to cast, but a little less powerful.
You expend magic power (3 MP) to strengthen your wands.


Message History

Increase (S)trength, (I)ntelligence, or (D)exterity?
You feel agile. The orc warrior hits you with a glaive!
You closely miss the orc warrior. You block the orc warrior's attack.
You closely miss the orc warrior. The orc warrior hits you with a glaive!
* * * LOW HITPOINT WARNING * * *
You barely miss the orc warrior. You block the orc warrior's attack.
You closely miss the orc warrior. You closely miss the orc warrior.
The orc warrior hits you with a glaive!
* * * LOW HITPOINT WARNING * * *
Your body deteriorates!
You feel weakened.
You are too injured to fight recklessly!
You are too injured to fight recklessly!
You are too injured to fight recklessly!
You are too injured to fight recklessly!
You hit the orc warrior but do no damage.
You block the orc warrior's attack.
You closely miss the orc warrior.
The orc warrior hits you with a glaive!!
You die...

##..<.....## #..........#
##>...........
#............# #
#...........## .#
##...........# ##.#
###..#........## ...
###....#.......o##..#
....##..........@#.#
####...........)...#
####.#>..........#########
##...#............##.....#
#..###...................#
#.#####.........###......#
..# #....................#
### #..........####......#
# #.....###### #......#


You could see an orc warrior.

Vanquished Creatures
  Menkaure (D:5)
  An ice beast (D:5)
  A sky beast (D:5)
  2 ogres
  2 bullfrogs (D:6)
  A scorpion (D:5)
  A howler monkey (D:5)
  A crimson imp (D:5)
  2 jellies (D:6)
  3 orc priests
  3 hounds
  A quasit (D:6)
  3 orc wizards (D:5)
  An iguana (D:6)
  2 worker ants
  2 hound skeletons
  Robin (D:4)
  A worker ant zombie (D:5)
  A howler monkey zombie (D:5)
  4 gnolls (D:5)
  A howler monkey skeleton (D:5)
  10 adders
  An adder zombie (D:6)
  An adder skeleton (D:4)
  4 worms
  4 dart slugs
  5 leopard geckos
  18 orcs
  3 giant cockroaches
  13 goblins
  9 hobgoblins
  A jackal (D:2)
  3 quokkas
  2 ball pythons
  4 bats
  2 frilled lizards
  5 kobolds
  2 leopard gecko skeletons (D:4)
  A quokka zombie (D:5)
  5 rats
128 creatures vanquished.

Notes
Turn   | Place    | Note
-------+----------+-------------------------------------------
     0 | D:1      | shinino the Formicid Fighter began the quest for the Orb.
     0 | D:1      | Reached XP level 1. HP: 18/18 MP: 1/1
   206 | D:1      | Reached XP level 2. HP: 23/24 MP: 2/2
   418 | D:1      | Reached skill level 3 in Axes
   847 | D:2      | Reached XP level 3. HP: 29/29 MP: 3/3
  1249 | D:2      | Found a bloodstained altar of Trog.
  1531 | D:3      | Reached skill level 4 in Axes
  1531 | D:3      | Reached XP level 4. HP: 35/35 MP: 4/4
  2097 | D:3      | Reached XP level 5. HP: 40/41 MP: 5/5
  2108 | D:3      | Found a blossoming altar of Fedhas.
  2201 | D:3      | Reached skill level 5 in Axes
  2346 | D:4      | Noticed Robin
  2385 | D:4      | Killed Robin
  2504 | D:4      | Got a polished cloak
  2517 | D:4      | Identified the +0 cloak of Bedevilment {rF+ Regen+ Str+3 Int+2 Slay-2} (You found it on level 4 of the Dungeon)
  2544 | D:4      | Reached XP level 6. HP: 44/47 MP: 6/6
  2695 | D:4      | Noticed an ogre
  2706 | D:4      | Killed an ogre
  2706 | D:4      | Reached skill level 6 in Axes
  2891 | D:5      | Entered Level 5 of the Dungeon
  2892 | D:5      | Found an opulent altar of Gozag.
  2912 | D:5      | Reached XP level 7. HP: 50/52 MP: 7/7
  2923 | D:5      | Reached skill level 7 in Axes
  3053 | D:5      | Gained mutation: You expend magic power (3 MP) to strengthen your wands. [mutagenic meat]
  3054 | D:5      | Gained mutation: Your spells are a little easier to cast, but a little less powerful. [mutagenic meat]
  3055 | D:5      | Gained mutation: Your muscles are strong. (Str +2) [mutagenic meat]
  3056 | D:5      | Gained mutation: Your muscles are very strong. (Str +4) [mutagenic meat]
  3057 | D:5      | Gained mutation: Your body sometimes deteriorates upon taking damage. [mutagenic meat]
  3058 | D:5      | Gained mutation: You are partially covered in large bone plates. (SH +4) [mutagenic meat]
  3095 | D:5      | Noticed Menkaure
  3121 | D:5      | HP: 5/52 [??? (3)]
  3124 | D:5      | Killed Menkaure
  3124 | D:5      | Reached skill level 8 in Axes
  3373 | D:5      | Found a staircase to the Ecumenical Temple.
  3496 | Temple   | Entered the Ecumenical Temple
  3568 | Temple   | Became a worshipper of Warmaster Okawaru
  3637 | D:5      | Found a snail-covered altar of Cheibriados.
  3697 | D:5      | Cast into level 1 of the Abyss (gnoll)
  3742 | Abyss:1  | Found a corrupted altar of Lugonu.
  3754 | D:5      | Escaped the Abyss
  4048 | D:5      | Reached XP level 8. HP: 38/58 MP: 8/8
  4105 | D:5      | Reached skill level 9 in Axes
  4293 | D:5      | Found a hazy altar of Hepliaklqana.
  4293 | D:5      | Found a faded altar of an unknown god.
  4298 | D:5      | Found a faded altar of an unknown god.
  4300 | D:5      | Found a faded altar of an unknown god.
  4302 | D:5      | Found a faded altar of an unknown god.
  4704 | D:6      | Reached * piety under Okawaru
  4739 | D:6      | Reached skill level 10 in Axes
  4978 | D:6      | Found an iron altar of Okawaru.
  5039 | D:6      | Reached XP level 9. HP: 40/64 MP: 9/9
  5047 | D:6      | Slain by an orc warrior

Skill      XL: |  1  2  3  4  5  6  7  8 |
---------------+-------------------------+-----
Axes           | 3 4 5 6 8 10 | 10.5
Fighting       | |  3.2
Armour         | |  3.2
Shields        | |  3.6

Action                   |  1- 3 |  4- 6 |  7- 9 || total
-------------------------+-------+-------+-------++-------
Melee: War axe           |    82 |   186 |   265 ||   533
  Use: Potion            |       |       |     6 ||     6
  Eat: Chunk             |     2 |     5 |    13 ||    20
Armor: Scale mail        |    42 |    77 |   116 ||   235
Dodge: Dodged            |    30 |    61 |    76 ||   167
Block: Shield            |    39 |    99 |   174 ||   312
